 Dungeon Crawl Stone Soup version 0.18-a0-337-g1235303 (webtiles) character file.

31 FishmanTm the Insei (level 3, -1/26 HPs)
             Began as a Merfolk Transmuter on Nov 28, 2015.
             Killed from afar by an orc wizard (5 damage)
             ... with a magic dart
             ... on level 2 of the Dungeon.
             The game lasted 00:02:39 (1359 turns).

FishmanTm the Insei (Merfolk Transmuter)            Turns: 1359, Time: 00:02:39

Health: -1/26      AC:  2    Str: 10    XL:     3   Next: 22%
Magic:  4/6        EV: 13    Int: 13    God:
Gold:   162        SH:  0    Dex: 14    Spells: 3 memorised, 0 levels left

rFire  . . .     SeeInvis .       - Unarmed
rCold  . . .     Clarity  .     b - +0 robe
rNeg   . . .     SustAt   .     (no shield)
rPois  .         Gourm    .     (no helmet)
rElec  .         Spirit   .     (no cloak)
rCorr  .         Warding  .     (no gloves)
rMut   .         Stasis   .     (no boots)
MR     .....                    (no amulet)
Stlth  +.........               (no ring)
                                (no ring)

@: confused, flying, very slightly contaminated, not resistant to hostile
enchantments, very unstealthy
A: change form in water, swift swim
a: no special abilities


You were on level 2 of the Dungeon.
You were not hungry.

You visited 1 branch of the dungeon, and saw 3 of its levels.

You collected 162 gold pieces.

Inventory:

Missiles
 a - 70 arrows
Armour
 b - a +0 robe (worn)
Scrolls
 f - a scroll of amnesia {unknown}
 j - 2 scrolls of teleportation {unknown}
 l - a scroll of recharging
 m - a scroll of identify
Potions
 e - a potion of curing {unknown}
 h - a potion of cure mutation
Books
 c - a book of Changes

   Spells                             Type                      Level
   a - Beastly Appendage              Transmutation                1
   b - Sticks to Snakes               Transmutation                2
   c - Spider Form                    Transmutation/Poison         3
   d - Ice Form                       Ice/Transmutation            4
   e - Blade Hands                    Transmutation                5
Comestibles
 d - 2 bread rations
 g - 2 chunks of flesh
 i - 2 beef jerkies


   Skills:
 - Level 1.1 Fighting
 - Level 2.6 Dodging
 + Level 4.6 Unarmed Combat
 - Level 2.0 Spellcasting
 - Level 2.6 Transmutations


You couldn't memorise any spells.
You knew the following spells:

 Your Spells              Type           Power        Failure   Level  Hunger
a - Beastly Appendage     Trmt           #.....       10%         1    ##.....
b - Sticks to Snakes      Trmt           #.......     14%         2    ###....
c - Spider Form           Trmt/Pois      #.........   52%         3    ####...


Dungeon Overview and Level Annotations

Branches:
Dungeon (3/15)

Altars:
Qazlal


Message History

You start resting.
Something barely misses you.
You start resting.
Something hits you.
Unknown command.
You hear some strange, mumbled words.
A puff of flame appears from out of thin air!
The puff of flame hits you!
Ouch! That really hurt!
* * * LOW HITPOINT WARNING * * *
You hear some strange, mumbled words.
You are confused.
You see here a potion of degeneration.
Unknown command.
Drink which item? (? for menu, Esc to quit)
It was a potion of flight.
You feel very buoyant.
You fly up into the air.
A magic dart appears from out of thin air!
The magic dart hits you!
You die...

.....#.........#...##
.............>...###
..........####.....####
)...##...## #........##
..#.##########....##...#
....####..........#..######
....................####..# ####
..##...#..................# #..#
.........(>.....@...#....## ##..#
.......#.....)........#### #....
.#....####....)......########....
.....######......................
...........>.........###..#.≈...≈
.....#####...........# ##..≈≈≈.≈≈
.........(.#........## #§§§§§..≈
...#...............<## ##.§§§§≈..
##########...........# #.≈≈≈§≈§≈.


There were no monsters in sight!

Vanquished Creatures
  An orc (D:3)
  2 bats (D:1)
  A giant cockroach (D:1)
  A hobgoblin (D:2)
  6 kobolds
  A ball python (D:1)
  2 giant newts (D:1)
  5 goblins
  2 jackals (D:1)
21 creatures vanquished.

Vanquished Creatures (collateral kills)
  An adder (D:2)
  A quokka (D:2)
  A goblin (D:2)
  A kobold (D:2)
4 creatures vanquished.

Grand Total: 25 creatures vanquished

Notes
Turn   | Place    | Note
--------------------------------------------------------------
     0 | D:1      | FishmanTm the Merfolk Transmuter began the quest for the Orb.
     0 | D:1      | Reached XP level 1. HP: 15/15 MP: 3/3
   223 | D:1      | Reached XP level 2. HP: 18/21 MP: 3/5
   247 | D:1      | Learned a level 2 spell: Sticks to Snakes
   341 | D:1      | Reached skill level 4 in Unarmed Combat
  1027 | D:2      | Reached XP level 3. HP: 22/26 MP: 1/6
  1035 | D:2      | Learned a level 3 spell: Spider Form
  1275 | D:2      | Found a stormy altar of Qazlal.
  1277 | D:2      | Noticed an air elemental
  1278 | D:2      | Noticed a water elemental
  1278 | D:2      | Noticed an earth elemental
  1278 | D:2      | Noticed a fire elemental
  1359 | D:2      | Killed from afar by an orc wizard

Vault maps used:
D:1:      scummos_arrival_checkerplants
D:2:      kennysheep_doodads, nicolae_qazlal_style_of_elements
D:3:      amethyst_overflow_temple_binary, first_bread,
          grunt_nemelex_the_gamble, uniq_grinder, uniq_sigmund

Action                   || total
-------------------------++-------
Melee: Unarmed           ||    54
 Cast: Beastly Appendage ||    20
       Sticks to Snakes  ||     4
  Use: Scroll            ||     3
       Potion            ||     1
  Eat: Chunk             ||     2
